 Dungeon Crawl Stone Soup version 0.31-a0-83-gbff143cfd1 (webtiles) character file.

Game seed: 7050574214631390285

4179 IdlyInterested the Trooper (level 10, -2/77 (79) HPs)
             Began as a Demonspawn Wanderer on May 24, 2023.
             Slain by an orc warrior
             ... wielding a +0 war axe
              (6 damage)
             ... in a bailey.
             The game lasted 00:30:31 (8775 turns).

IdlyInterested the Trooper (Demonspawn Wanderer)    Turns: 8775, Time: 00:30:32

HP:   -2/77 (79)    AC: 15    Str: 17    XL:     10   Next: 8%
MP:   0/20          EV:  7    Int: 10    God:
Gold: 455           SH:  0    Dex: 15    Spells: 23/23 levels left

rFire   . . .        N - +3 whip (elec)
rCold   + . .        (no shield)
rNeg    + . .        t - +0 plate armour
rPois   +            (no helmet)
rElec   .            g - +2 ratskin cloak {*Rats rPois rN+ Str-1 Int-1 Dex+1}
rCorr   .            (no gloves)
SInv    .            (no boots)
Will    .....        (no amulet) Stlth
                     M - ring of protection from cold
HPRegen 0.32/turn    (no ring)
MPRegen 0.34/turn

%: guardian spirit
@: lightly drained
A: claws 2, magic shield, magic regeneration, sturdy frame 1
a: no special abilities


You were in a bailey.
You visited 2 branches of the dungeon, and saw 8 of its levels.
You also visited: Bailey.

You collected 455 gold pieces.

Inventory:

Hand Weapons
 a - a +0 dagger
 j - a +0 short sword
 k - a +0 whip of venom
 o - a +0 mace of draining
 q - a +0 spear
 w - a +1 great mace of venom
 B - a +3 flail
 D - a +1 dire flail
 N - a +3 whip of electrocution (weapon)
 O - a +0 long sword
 P - the +9 sling of Maanuniu {antimagic, rPois Will+ Int+3}
   (You found it on level 5 of the Dungeon)

   Int:       It affects your intelligence (+3).
   rPois:     It protects you from poison.
   Will:      It increases your willpower.
 S - a +1 flail of protection
 T - a +3 flail
 V - a +5 hand axe
Missiles
 d - 25 stones
 n - 2 curare-tipped darts
 v - 8 poisoned darts
 A - 17 boomerangs (quivered)
Armour
 g - the +2 ratskin cloak (worn) {*Rats rPois rN+ Str-1 Int-1 Dex+1}
   (You found it on level 5 of the Dungeon)

   *Rats:     When the wearer is hurt, rats may emerge from it to assist them.
   Str:       It affects your strength (-1).
   Int:       It affects your intelligence (-1).
   Dex:       It affects your dexterity (+1).
   rPois:     It protects you from poison.
   rN:        It protects you from negative energy.
 h - an orb of wrath
 t - a +0 plate armour (worn)
 y - a +2 robe of willpower
 C - a scarf of invisibility
 H - a +0 cloak
Magical Staves
 m - a staff of death
Jewellery
 M - a ring of protection from cold (left claw)
 R - a ring of wizardry
Wands
 z - a wand of paralysis (1)
 E - a wand of flame (4)
Scrolls
 b - 4 scrolls of vulnerability
 c - 6 scrolls of teleportation
 e - a scroll of torment
 f - a scroll of amnesia {unknown}
 s - a scroll of fear {unknown}
 u - a scroll of poison {unknown}
 x - a scroll of enchant weapon
 F - a scroll of magic mapping {unknown}
 G - a scroll of immolation {unknown}
 I - a scroll of enchant armour {unknown}
 J - a scroll of blinking {unknown}
 U - a scroll of noise {unknown}
 W - a scroll of identify
Potions
 i - a potion of resistance
 l - a potion of haste
 p - a potion of cancellation
 r - a potion of mutation
 L - 2 potions of brilliance
 Q - 2 potions of enlightenment {unknown}


   Skills:
 * Level 7.2 Fighting
 - Level 2.0 Throwing
 - Level 6.0 Armour
 - Level 3.0 Dodging
 - Level 2.0 Stealth
 + Level 7.1 Unarmed Combat
 - Level 7.0 Spellcasting
 - Level 1.7 Transmutations
 - Level 2.0 Evocations


You had 23 spell levels left.
You didn't know any spells.
Your spell library contained the following spells:

 Spells                   Type           Power      Damage    Failure   Level
 Wereblood                Tmut           7%         N/A       94%         2
 Sandblast                Erth           6%         2d5       97%         1
 Passwall                 Tmut/Erth      2%         N/A       99%         2
 Ensorcelled Hibernation  Hex/Ice        2%         N/A       100%        2
 Stone Arrow              Conj/Erth      2%         3d7       100%        3
 Swiftness                Air            3%         N/A       100%        3
 Borgnjor's Revivificati  Necr           1%         N/A       100%        8
 Necromutation            Tmut/Necr      1%         N/A       100%        8
 Death's Door             Necr           1%         N/A       100%        9


Dungeon Overview and Level Annotations

Branches:
Dungeon (7/15)             Temple (1/1) D:5          Bailey (1/1)

Altars:
Cheibriados
Dithmenos
Fedhas
Hepliaklqana
Kikubaaqudgha
Makhleb
Okawaru
Qazlal
Ru
Sif Muna
Trog
Uskayaw
Vehumet
Wu Jian
Xom

Shops:
D:5 [   D:7 =


Innate Abilities, Weirdness & Mutations

You have very sharp fingernails.
When hurt, damage is shared between your health and your magic reserves.
You regenerate magic rapidly.
Your movements are slightly less encumbered by armour. (ER -2)


Message History

The orc warrior seems to slow down.
The orc warrior is moderately wounded.
There is an open door here.
The orc warlord shouts!
You barely miss the orc warrior.
The orc warrior is heavily wounded.
The orc warrior hits you with a +0 war axe!
* * * LOW HITPOINT WARNING * * *
You barely miss the orc warrior.
The orc warrior is heavily wounded.
The orc warrior hits you with a +0 war axe.
* * * LOW HITPOINT WARNING * * *
You hit the orc warrior. Your claw misses the orc warrior.
The orc warrior is heavily wounded.
The orc warrior hits you with a +0 war axe.
* * * LOW HITPOINT WARNING * * *
You hit the orc warrior but do no damage.
The orc warrior is severely wounded.
The orc warrior hits you but does no damage.
You closely miss the orc warrior.
The orc warrior is severely wounded.
The orc warrior hits you with a +0 war axe.
* * * LOW HITPOINT WARNING * * *
You closely miss the orc warrior.
The orc warrior is severely wounded.
The orc warrior looks more healthy.
The orc warrior hits you with a +0 war axe.
* * * LOW HITPOINT WARNING * * *
You hit the orc warrior.
The orc warrior is severely wounded.
The orc warrior hits you with a +0 war axe.
* * * LOW HITPOINT WARNING * * *
You closely miss the orc warrior.
The orc warrior is severely wounded.
The orc warrior is no longer moving slowly.
The orc warrior hits you with a +0 war axe.
* * * LOW HITPOINT WARNING * * *
A river rat scurries out from under your cloak.
The orc warrior hits you with a +0 war axe!
You die...

##...##.........# ♣♣≈≈
##.....##.......#
♣≈≈≈##...8...##~~~~~#
♣≈≈##.........#~~~~~# 8
♣≈≈#..........#)))~~#....
♣≈≈#..8..8....'..(.('....
♣≈≈#........#########....
♣≈≈##...r.o##~~ .
♣...##...@.#~}.
♣....##....#~?..
♣♣.....#....##8.8
♣......'.....#o..
♣∩.∩..)).....#....
♣......')....#....
♣♣.....#....##8.8.
♣....##....#g?...
♣...##.....#~).


You could see an orc warlord, an orc warrior (fast, ally target), a hobgoblin
and a friendly river rat.

Vanquished Creatures
  The ghost of patfeehan111222 the Cleaver, a novice DsBe of Trog (D:6)
  Pikel (D:5)
  Sigmund (D:3)
  2 orc warriors (Bailey)
  2 black bears
  An ice beast (D:6)
  An ogre (D:5)
  3 phantoms (D:5)
  A centaur (D:7)
  2 bullfrogs
  2 scorpions
  9 wights
  A howler monkey (D:6)
  3 gnoll boudas
  3 hounds
  A jelly (D:4)
  2 orc priests
  A sleepcap (D:5)
  6 iguanas
  An orc wizard (D:6)
  4 hell rats (D:5)
  17 gnolls
  9 adders
  24 river rats (D:5)
  2 shadow imps (D:6)
  An ufetubus (D:6)
  3 worms
  5 dart slugs
  25 orcs
  9 ball pythons
  10 bats
  11 endoplasms
  4 giant cockroaches
  6 goblins
  7 hobgoblins
  2 jackals (D:1)
  5 quokkas
  6 frilled lizards
  22 kobolds
  6 rats
222 creatures vanquished.

Vanquished Creatures (collateral kills)
  An orc warrior (D:6)
  A centaur (D:6)
  4 gnolls (D:6)
  An adder (D:6)
7 creatures vanquished.

Vanquished Creatures (others)
  A bat (D:1)
1 creature vanquished.

Grand Total: 230 creatures vanquished

Notes
Turn   | Place    | Note
-------+----------+-------------------------------------------
     0 | D:1      | IdlyInterested the Demonspawn Wanderer began the quest for
                  | the Orb.
     0 | D:1      | IdlyInterested set off with the following items: a +0
                  | dagger, a scroll of vulnerability, a scroll of
                  | teleportation, a +0 chain mail; and the following spells
                  | available to memorise: Wereblood, Passwall.
     0 | D:1      | Reached XP level 1. HP: 13/13 MP: 3/3
   117 | D:1      | Reached skill level 1 in Fighting
   171 | D:1      | Gained mutation: You regenerate magic rapidly. [demonic
                  | ancestry]
   171 | D:1      | Reached XP level 2. HP: 21/21 MP: 5/5
   247 | D:1      | Reached skill level 1 in Stealth
   584 | D:1      | Reached XP level 3. HP: 9/27 MP: 6/6
  1276 | D:2      | Reached skill level 1 in Throwing
  1458 | D:2      | Reached XP level 4. HP: 23/35 MP: 7/7
  1562 | D:2      | Reached skill level 1 in Evocations
  2379 | D:3      | Noticed Sigmund
  2391 | D:3      | Killed Sigmund
  2392 | D:3      | Reached skill level 5 in Armour
  2392 | D:3      | Gained mutation: Your movements are slightly less
                  | encumbered by armour. (ER -2) [demonic ancestry]
  2392 | D:3      | Reached XP level 5. HP: 41/41 MP: 7/9
  2392 | D:3      | Gained mutation: You have sharp fingernails. [demonic
                  | ancestry]
  2392 | D:3      | Reached XP level 6. HP: 47/47 MP: 7/10
  3019 | D:3      | Found a snail-covered altar of Cheibriados.
  3345 | D:3      | Found a bloodstained altar of Trog.
  3345 | D:3      | Found an iron altar of Okawaru.
  3520 | D:4      | Reached skill level 1 in Unarmed Combat
  3636 | D:4      | Found a blossoming altar of Fedhas.
  3838 | D:4      | Found a burning altar of Makhleb.
  4475 | D:5      | Entered Level 5 of the Dungeon
  4479 | D:5      | Noticed Pikel
  4482 | D:5      | Gained mutation: When hurt, damage is shared between your
                  | health and your magic reserves. [demonic ancestry]
  4482 | D:5      | Reached XP level 7. HP: 54/54 MP: 11/11
  4482 | D:5      | Paralysed by Pikel for 4 turns
  4490 | D:5      | Paralysed by Pikel for 4 turns
  4495 | D:5      | Killed Pikel
  4629 | D:5      | Reached XP level 8. HP: 40/61 MP: 14/14
  4916 | D:5      | Found Dovo's Antique Armour Emporium.
  5008 | D:5      | Identified the +9 sling of Maanuniu {antimagic, rPois Will+
                  | Int+3}
  5026 | D:5      | Found an ornate altar of the Wu Jian Council.
  5121 | D:5      | Reached skill level 5 in Fighting
  5121 | D:5      | Reached skill level 5 in Unarmed Combat
  5386 | D:5      | Found a staircase to the Ecumenical Temple.
  5400 | Temple   | Entered the Ecumenical Temple
  5943 | D:5      | Reached skill level 5 in Spellcasting
  6360 | D:5      | Found the +2 ratskin cloak {*Rats rPois rN+ Str-1 Int-1
                  | Dex+1}
  6393 | D:5      | Gained mutation: You have very sharp fingernails. [demonic
                  | ancestry]
  6393 | D:5      | Reached XP level 9. HP: 25/61 MP: 4/16
  7029 | D:6      | Found a sacrificial altar of Ru.
  7420 | D:6      | Found a runed translucent door.
  7431 | D:6      | Noticed patfeehan111222's ghost (novice DsBe)
  8265 | D:6      | Killed patfeehan111222's ghost
  8559 | D:7      | Found Voillore's Jewellery Boutique.
  8593 | D:7      | Reached XP level 10. HP: 58/72 MP: 20/20
  8602 | D:7      | Found a flagged portal.
  8619 | Bailey   | Entered a bailey
  8648 | Bailey   | Noticed an orc warlord
  8775 | Bailey   | Slain by an orc warrior

Illustrated notes

Levels and vault maps discovered:
D:1:      saegor_arrival_simple_a, layout_basic
D:2:      minmay_thinvault, layout_basic
D:3:      layout_loops_ring, grunt_temple_overflow_bloody_war,
          cheibriados_altar_2, mainiacjoe_overflow_chevrons, wad_orctagon,
          uniq_sigmund
D:4:      layout_basic, mainiacjoe_overflow_cross_hatched,
          mainiacjoe_overflow_alcove_4
D:5:      wander_guarded_unrand_ratskin, layout_cave_pods,
          nicolae_wu_jian_glorious_leap, minmay_temple_entry_crystal_x,
          kennysheep_windowed_goal, uniq_pikel
D:6:      layout_gridville, old_standard_altar, ebering_ghost_sewer_d,
          minmay_fractal_squares_diagonal_5
D:7:      layout_basic, ashenzari_conservatory_becter, serial_shops, shop,
          enter_bailey_6
Temple:   nicolae_temple_ecumenical_triangle
Bailey:   bailey_axe_bossmonster_kennysheep, bailey

Skill      XL: |  1  2  3  4  5  6  7  8  9 10 |
---------------+-------------------------------+-----
Fighting       | 1 2 3 4 6 7 |  7.2
Stealth        | 1 2 |  2.0
Throwing       | 1 2 |  2.0
Evocations     | 1 2 |  2.0
Armour         | 5 6 |  6.0
Spellcasting   | 3 4 5 6 7 |  7.0
Unarmed Combat | 1 4 6 7 |  7.1
Dodging        | 3 |  3.0
Transmutations | |  1.7

Action                     |  1- 3 |  4- 6 |  7- 9 | 10-12 || total
---------------------------+-------+-------+-------+-------++-------
  Melee: Dagger            |    47 |       |       |       ||    47
         Short sword       |    81 |       |       |       ||    81
         Whip              |    50 |   216 |   395 |    67 ||   728
         Punch             |       |     2 |    17 |     3 ||    22
         Unarmed           |       |       |    22 |       ||    22
         Hand axe          |       |       |    45 |       ||    45
  Throw: Stone             |     4 |    12 |    19 |       ||    35
         Dart              |     1 |       |     1 |     1 ||     3
         Boomerang         |       |       |     9 |       ||     9
  Evoke: Wand              |       |       |     7 |       ||     7
    Use: Scroll            |     2 |     4 |     3 |       ||     9
         Potion            |       |     1 |     7 |     1 ||     9
   Stab: Invisible         |       |       |     1 |       ||     1
 Armour: Chain mail        |   142 |   141 |   132 |       ||   415
         Skin              |       |       |     9 |       ||     9
         Plate armour      |       |       |    82 |    77 ||   159
  Dodge: Dodged            |    87 |    89 |   166 |    30 ||   372

Table legend: (Time is in decaauts)
 A = Elapsed time spent in this place.
 B = Non-inter-level travel time spent in this place.
 C = Inter-level travel time spent in this place.
 D = Time resting spent in this place.
 E = Time spent auto-exploring this place.
 F = Levels seen in this place.
 G = Mean time per level.
                   A        B        C        D        E       F      G
               +--------+--------+--------+--------+--------+-----+--------+
         Total |   9025 |   8215 |    810 |   1522 |   4067 |   9 | 1002.8 |
       Dungeon |   8833 |   8027 |    806 |   1509 |   4067 |   7 | 1261.9 |
        Temple |     30 |     26 |      4 |      0 |      0 |   1 |   30.0 |
        Bailey |    161 |    161 |      0 |     13 |      0 |   1 |  161.0 |
               +--------+--------+--------+--------+--------+-----+--------+

Top non-repeatable levels by time:
     D:5: 2129 daAuts
     D:6: 1565 daAuts
     D:2: 1297 daAuts
     D:4: 1241 daAuts
     D:1: 1235 daAuts
     D:3: 1110 daAuts
     D:7: 253 daAuts
  Bailey: 161 daAuts
  Temple: 30 daAuts
